Map: Odyssey LE

Players

Cham

  • Race: Zerg Zerg
  • Spawn Location: 5:00

Nerchio - Winner!

  • Race: Zerg Zerg
  • Spawn Location: 11:00

Event: WCS Montreal 2017

VOD

Have the link to the VOD?

Description

Time

  • Played on: Sept. 9, 2017, 12:31 p.m.
  • Length: 5:56

All games in this series

Show
View Real Time Build Order
Export as new Build Order

Cham Zerg 

Build Orders: Pool First 

Get SALT Encoding   

  12  0:00  Drone  
  13  0:14  Extractor  
  12  0:24  Spawning Pool  
  12  0:27  Drone  
  12  0:33  Drone  
  13  0:38  Drone  
  14  0:49  Overlord  
  14  1:11  Queen, Zergling x2  
  15  1:16  Metabolic Boost  
  17  1:21  Zergling x2  
  17  1:24  Zergling x2  
  19  1:28  Zergling x2  
  20  1:34  Zergling x2  
  21  1:54  Hatchery  
  21  1:59  Zergling x2  
  21  2:06  Overlord  
  21  2:11  Zergling x2  
  22  2:25  Zergling x6  
  22  2:27  Zergling x2  
  26  2:33  Zergling x2  
  26  2:48  Zergling x2  
  26  2:53  Zergling x2  
  26  2:59  Zergling x2  
  26  3:00  Zergling x2  
  26  3:01  Zergling x2  
  26  3:07  Zergling x2  
  26  3:11  Baneling Nest  
  24  3:13  Zergling x2  
  24  3:18  Zergling x2  
  26  3:23  Zergling x2  
  27  3:32  Zergling x4  
  25  3:44  Zergling x6  
  28  3:57  Baneling x3  
  28  3:59  Zergling x2  
  28  4:01  Baneling  
  29  4:09  Zergling x2  
  30  4:12  Baneling  
  30  4:18  Zergling x2  
  26  4:24  Zergling x4  
  27  4:32  Zergling x2  
  26  4:38  Zergling x2  
  26  4:45  Zergling x2  
  23  5:00  Zergling x6  
  25  5:09  Zergling x2  
  25  5:10  Baneling  
  25  5:13  Zergling x2  
  22  5:21  Zergling x2  
  23  5:28  Baneling x3  
  23  5:29  Baneling  
  23  5:33  Zergling x2  
  24  5:37  Zergling x2  
Show
View Real Time Build Order
Export as new Build Order

Nerchio Zerg - Winner!

Build Orders: Hatch First 

Get SALT Encoding   

  12  0:00  Drone  
  13  0:12  Overlord  
  13  0:16  Drone  
  14  0:31  Drone x2  
  14  0:34  Drone  
  17  0:52  Hatchery  
  17  0:55  Drone  
  17  0:58  Drone  
  18  1:09  Extractor  
  17  1:13  Spawning Pool  
  17  1:17  Drone  
  17  1:20  Drone  
  18  1:28  Drone  
  19  1:38  Overlord  
  19  2:00  Queen, Zergling x2  
  19  2:01  Zergling x2  
  23  2:03  Queen  
  23  2:04  Zergling x2  
  26  2:08  Metabolic Boost  
  26  2:11  Drone  
  27  2:16  Drone  
  29  2:22  Drone  
  29  2:25  Drone  
  30  2:34  Baneling Nest  
  30  2:35  Drone  
  30  2:39  Zergling x2  
  30  2:43  Zergling x2  
  29  2:48  Queen  
  31  2:54  Zergling x2  
  29  2:58  Zergling x2  
  29  2:59  Zergling x2  
  29  3:05  Zergling x2  
  27  3:08  Zergling x2  
  25  3:17  Zergling x2, Baneling  
  25  3:18  Baneling  
  26  3:20  Zergling x2  
  27  3:27  Zergling x2  
  27  3:28  Queen  
  27  3:31  Zergling x2  
  29  3:40  Baneling Nest  
  28  3:42  Zergling x2  
  28  3:44  Zergling x2  
  30  3:55  Drone  
  30  3:56  Drone  
  30  3:59  Overlord  
  32  4:03  Zergling x4  
  34  4:13  Zergling x2  
  34  4:15  Overlord  
  35  4:17  Zergling x2  
  35  4:23  Zergling x2  
  35  4:27  Zergling x2  
  36  4:33  Drone  
  35  4:38  Baneling  
  35  4:41  Drone  
  34  4:47  Zergling x2  
  34  4:48  Baneling  
  34  4:50  Drone  
  36  4:53  Drone  
  36  4:57  Zergling x2  
  35  5:00  Zergling x2  
  35  5:03  Zergling x2  
  37  5:10  Zergling x4  
  37  5:12  Zergling x2  
  39  5:16  Zergling x2  
  39  5:18  Zergling x2  
  42  5:21  Zergling x2  
  42  5:23  Baneling  
  42  5:26  Zergling x2  
  41  5:28  Baneling  
  41  5:29  Zergling x2  
  41  5:33  Zergling x2  
  43  5:42  Baneling  
Tags
 
Add a new tag
Caveats
  • Supply blocks, unpowered buildings, or Contaminate may cause inaccurate times.
  • Supply counts are checked every 10 seconds.